 Dungeon Crawl Stone Soup version 0.17-a0-157-g289cc6a (webtiles) character file.

8663 Ngotmuk the Protected (level 11, 68/99 HPs)
             Began as a Minotaur Fighter on Mar 26, 2015.
             Drowned
             ... on level 10 of the Dungeon.
             The game lasted 00:22:41 (6266 turns).

Ngotmuk the Protected (Minotaur Fighter)            Turns: 6266, Time: 00:22:41

Health: 68/99      AC: 12    Str: 34    XL:     11   Next: 12%
Magic:  4/4        EV: 15    Int:  7    God:    Xom [.*....]
Gold:   356        SH:  0    Dex:  8    Spells: 0 memorised, 10 levels left

rFire  + . .     SeeInvis .     L - +2 flail (holy)
rCold  + . .     Clarity  .     a - +1 leather armour of Gallantry {rElec rF+ rC+ Str+3} (curse)
rNeg   . . .     SustAb   .     c - +0 shield
rPois  .         Gourm    .     (helmet restricted)
rElec  +         Spirit   .     (no cloak)
rCorr  .         Warding  .     r - +2 pair of gloves
rMut   .         Stasis   .     (no boots)
MR     .....                    D - amulet of faith
Stlth  ..........               z - ring "Noolel" {EV+2 Str+6 Int+2}
                                (no ring)

@: confused, not resistant to hostile enchantments, extremely unstealthy
A: retaliatory headbutt, horns 2, rough black scales 1, forlorn
a: Renounce Religion


You were on level 10 of the Dungeon.
You worshipped Xom.
You were a plaything of Xom.
You were not hungry.

You visited 2 branches of the dungeon, and saw 11 of its levels.

You collected 356 gold pieces.

Inventory:

Hand weapons
 L - a +2 flail of holy wrath (weapon)
Armour
 a - the cursed +1 leather armour of Gallantry (worn) {rElec rF+ rC+ Str+3}
   (You found it on level 10 of the Dungeon)

   It affects your strength (+3).
   It protects you from fire.
   It protects you from cold.
   It insulates you from electricity.
   It has a curse placed upon it.
 c - a +0 shield (worn)
 r - a +2 pair of gloves (worn)
 t - a +3 chain mail of positive energy
Jewellery
 d - an uncursed amulet of guardian spirit
 m - an uncursed ring of fire
 z - the ring "Noolel" (right hand) {EV+2 Str+6 Int+2}
   (You found it on level 5 of the Dungeon)

   [ring of evasion]

   It affects your evasion (+2).
   It affects your strength (+6).
   It affects your intelligence (+2).
 D - an amulet of faith (around neck)
Magical devices
 b - a wand of random effects (23)
 s - a wand of disintegration (9)
 w - a wand of teleportation (9)
 A - a wand of lightning (10)
 C - a wand of magic darts (14)
 F - a wand of magic darts (15)
 H - a wand of teleportation (6)
Scrolls
 h - 2 scrolls of teleportation
 i - a scroll of blinking
 k - a scroll of enchant armour
 n - 2 scrolls of remove curse
 p - 3 scrolls of recharging
 q - 2 scrolls of fear
 y - 5 scrolls of identify
 E - a scroll of amnesia
 G - a scroll of enchant weapon
 K - a scroll of torment {unknown}
Potions
 e - a potion of might
 f - 2 potions of agility
 j - a potion of heal wounds {unknown}
 l - 4 potions of curing
 u - a potion of restore abilities
 B - 3 potions of haste
Books
 o - a book of Death

   Spells                             Type                      Level
   a - Corpse Rot                     Necromancy                   2
   b - Sublimation of Blood           Necromancy                   2
   c - Agony                          Necromancy                   5
   d - Dispel Undead                  Necromancy                   5
   e - Excruciating Wounds            Charms/Necromancy            5
   f - Bolt of Draining               Conjuration/Necromancy       5
 x - the Disquisition on Protection
   (You found it on level 5 of the Dungeon)

   Spells                             Type                      Level
   a - Infusion                       Charms                       1
   b - Repel Missiles                 Charms/Air                   2
   c - Iskenderun's Battlesphere      Conjuration/Charms           5
Comestibles
 g - 5 beef jerkies
 I - 7 slices of pizza
 J - 4 bread rations


   Skills:
 + Level 9.8 Fighting
 + Level 9.8 Maces & Flails
 + Level 9.9 Armour
 + Level 8.6 Dodging
 + Level 9.9 Shields


You had 10 spell levels left.
You didn't know any spells.

Dungeon Overview and Level Annotations

Branches:
Dungeon (10/15)            Temple (1/1) D:5            Lair (0/8) D:8
    Orc: D:9-12

Altars:
Ashenzari
Cheibriados
Dithmenos
Elyvilon
Fedhas
Gozag
Kikubaaqudgha
Makhleb
Nemelex Xobeh
Okawaru
Qazlal
Ru
Sif Muna
Trog
Vehumet
Xom
Yredelemnul
Zin
The Shining One

Shops:
D:5 :   D:7 ![[[[   D:9 =*   D:10 ?

Annotations:
D:10 BluebellGnoll's ghost, experienced SpWr


Innate Abilities, Weirdness & Mutations

You reflexively headbutt those who attack you in melee.
You have a pair of horns on your head.
You are partially covered in rough black scales (AC +4, Dex -1).
You have difficulty communicating with the divine.


Message History

a dagger; a short sword; a dagger; a kobold corpse; an orc corpse
Items here: ) [ †† a trident; a leather armour; an iguana corpse; an orc corpse
Items here: ))) †† a dagger; a short sword; a dagger; a kobold corpse; an orc corpse
There is an open door, spattered with blood here.
Items here: ))))))) [[ ††††† Vehumet rains destruction down upon you!
The ball explodes into a vile cloud!
The stinking cloud engulfs you!
You see here a kobold corpse.
You're standing in a cloud of noxious fumes!
You are engulfed in noxious fumes.
You choke on the stench!
You are confused.
Are you sure you want to stumble around while confused and next to deep water? [Y]es or [N]o only, please.
Are you sure you want to stumble around while confused and next to deep water?
You fall into the water!
You sink like a stone!
You drown...
You die...
Xom is highly amused!

...........#.##.≈≈.#
#.....(.
...........#.##.≈≈.#
#.......
##'#######.#.##.≈≈.#
#.......
#........#.#.8#.≈≈.#
#.......
#........#.#).#.≈≈.#
##.#.... #.......^#
#)##§≈≈.# ......#
#........# #.)§§§≈.#
##.#...# #........#
#))#.≈≈.# ......#
#........# #..#.@≈.#
......# #........#
#..#.≈≈.# ...
#........# #..#.≈≈.#
#........# #..#.≈≈.#
#........# #..#.≈≈.#
. #........#
#..##≈≈## ....
#........#.########
.....
##########........
...... .........
......... .......


There were no monsters in sight!

Vanquished Creatures
  The ghost of Ngotmuk the Blocker, an experienced DDFi of Ru (D:9)
  An unseen horror (D:9)
  2 hill giants (D:10)
  A wolf spider zombie (D:10)
  Joseph (D:7)
  A troll (D:10)
  A fire vortex (D:10)
  A deep elf mage (D:9)
  A wyvern (D:9)
  Eustachio (D:8)
  A hungry ghost (D:9)
  A deep elf fighter (D:8)
  A human (D:9)
  2 hippogriffs
  3 sky beasts
  3 black bears
  An ice beast (D:9)
  A wasp (D:10)
  An orc warrior (D:7)
  3 phantoms
  5 necrophages
  2 centaurs
  A crocodile (D:8)
  A big kobold (D:10)
  3 ogres
  4 giant frogs
  4 killer bees
  A wyvern skeleton (D:6)
  2 scorpions
  5 wights (D:10)
  4 crimson imps
  A goliath beetle (D:6)
  2 centaur zombies
  A centaur skeleton (D:8)
  4 hounds
  9 orc wizards
  4 jellies
  5 orc priests
  2 giant frog skeletons
  7 worker ants
  4 iguanas
  A statue (D:5)
  4 sheep (D:9)
  A hound skeleton (D:5)
  6 gnolls
  13 adders
  3 river rats (D:8)
  3 giant mites
  4 shadow imps
  A white imp (D:10)
  A worm (D:3)
  An adder skeleton (D:7)
  6 giant geckos
  An ooze (D:2)
  34 orcs
  A ball python (D:5)
  20 bats
  A bat zombie (D:5)
  6 goblins
  20 hobgoblins
  5 giant newts
  4 jackals (D:5)
  10 kobolds
  4 orc zombies
  A quokka (D:2)
  A quokka skeleton (D:5)
  A quokka zombie (D:7)
  15 rats
267 creatures vanquished.

Notes
Turn   | Place    | Note
--------------------------------------------------------------
     0 | D:1      | Ngotmuk, the Minotaur Fighter, began the quest for the Orb.
     0 | D:1      | Reached XP level 1. HP: 19/19 MP: 1/1
    53 | D:1      | Reached XP level 2. HP: 14/27 MP: 1/1
   162 | D:1      | Reached skill level 4 in Fighting
   217 | D:1      | Reached XP level 3. HP: 23/33 MP: 2/2
   605 | D:2      | Reached skill level 1 in Dodging
   863 | D:2      | Reached XP level 4. HP: 32/41 MP: 2/2
  1402 | D:3      | Reached XP level 5. HP: 33/47 MP: 2/2
  1930 | D:4      | Noticed a slave
  1930 | D:4      | Noticed a slave
  1930 | D:4      | Noticed a slave
  1930 | D:4      | Noticed a slave
  1939 | D:5      | Entered Level 5 of the Dungeon
  2062 | D:5      | Identified the Disquisition on Protection
  2077 | D:5      | Got a vibrating steel ring
  2087 | D:5      | Identified the ring "Noolel" {EV+2 Str+6 Int+2} (You found it on level 5 of the Dungeon)
  2108 | D:5      | Found a stormy altar of Qazlal.
  2151 | D:5      | Reached skill level 5 in Fighting
  2169 | D:5      | Reached XP level 6. HP: 52/56 MP: 3/3
  2232 | D:5      | Found a radiant altar of Vehumet.
  2250 | D:5      | Became a worshipper of Vehumet
  2279 | D:5      | Found a staircase to the Ecumenical Temple.
  2350 | D:5      | Noticed a sky beast
  2375 | D:5      | Killed a sky beast
  2379 | D:5      | Gained mutation: You have difficulty communicating with the divine. [mutagenic meat]
  2380 | D:5      | Gained mutation: You are partially covered in rough black scales (AC +4, Dex -1). [mutagenic meat]
  2520 | D:5      | Reached skill level 5 in Armour
  2535 | D:5      | Noticed a phantom
  2543 | D:5      | Found a bloodstained altar of Trog.
  2558 | D:5      | Killed a phantom
  2558 | D:5      | Reached skill level 5 in Shields
  2612 | D:5      | Found Orghal's Book Shop.
  2641 | D:5      | Reached XP level 7. HP: 57/61 MP: 3/3
  2877 | D:6      | Reached skill level 5 in Maces & Flails
  2885 | D:6      | Found an iron altar of Okawaru.
  2954 | D:6      | Found a basalt altar of Yredelemnul.
  3050 | D:6      | Reached skill level 6 in Fighting
  3067 | D:6      | Reached XP level 8. HP: 65/70 MP: 3/3
  3126 | D:6      | Acquired Vehumet's first power
  3126 | D:6      | Offered knowledge of Freeze by Vehumet.
  3244 | Temple   | Entered the Ecumenical Temple
  3332 | Temple   | Fell from the grace of Vehumet
  3332 | Temple   | Became a worshipper of Xom the Elder Chaos God
  3434 | D:7      | Found Ujepp's Armour Boutique.
  3434 | D:7      | Found Zaama's Armour Shop.
  3460 | D:7      | Found Schecox's Antique Armour Emporium.
  3470 | D:7      | Noticed Joseph
  3484 | D:7      | Killed Joseph
  3484 | D:7      | Reached skill level 5 in Dodging
  3511 | D:7      | Found Skaph's Antique Armour Shop.
  3614 | D:7      | Reached skill level 7 in Fighting
  3669 | D:7      | XOM: potion effect (berserk rage)
  3700 | D:7      | XOM: silly message
  3723 | D:7      | Reached XP level 9. HP: 61/79 MP: 4/4
  3861 | D:7      | Found Gaipp's Distillery.
  4131 | D:8      | XOM is BORED!
  4131 | D:8      | XOM: mild Ice miscast
  4218 | D:8      | XOM: harmless Fire miscast
  4256 | D:8      | Found a staircase to the Lair.
  4302 | D:8      | Noticed Eustachio
  4319 | D:8      | Killed Eustachio
  4319 | D:8      | Reached skill level 8 in Fighting
  4989 | D:9      | XOM: potion effect (berserk rage)
  5004 | D:9      | XOM: harmless Chrm miscast
  5050 | D:9      | Found Meotet's Assorted Antiques.
  5060 | D:9      | Found Shuahuwidd's Jewellery Shoppe.
  5109 | D:9      | XOM: harmless Chrm miscast
  5111 | D:9      | Reached XP level 10. HP: 85/90 MP: 4/4
  5211 | D:9      | Found a shattered altar of Ashenzari.
  5288 | D:9      | XOM: medium Pois miscast
  5291 | D:9      | Found a glowing silver altar of Zin.
  5352 | D:9      | Found a sacrificial altar of Ru.
  5429 | D:9      | Killed an unseen horror
  5429 | D:9      | Reached skill level 9 in Fighting
  5465 | D:9      | Noticed Ngotmuk's ghost (experienced DDFi)
  5475 | D:9      | XOM: enchant monster (good)
  5480 | D:9      | Killed Ngotmuk's ghost
  5584 | D:10     | Entered Level 10 of the Dungeon
  5672 | D:10     | XOM: enchant monster (bad)
  5696 | D:10     | Found Crehatid's Magic Scroll Boutique.
  5712 | D:10     | XOM: mild Trmt miscast
  5809 | D:10     | XOM: mild Fire miscast
  5883 | D:10     | XOM: 1-stop teleportation journey
  5942 | D:10     | Noticed BluebellGnoll's ghost (experienced SpWr)
  5962 | D:10     | Noticed a hill giant
  5969 | D:10     | Killed a hill giant
  6052 | D:10     | XOM: harmless Summ miscast
  6081 | D:10     | Reached XP level 11. HP: 86/97 MP: 4/4
  6112 | D:10     | Noticed a hill giant
  6113 | D:10     | XOM: confusion (+ monsters)
  6119 | D:10     | XOM: enchant monster (bad)
  6121 | D:10     | Got a turquoise-encrusted leather armour
  6142 | D:10     | Killed a hill giant
  6157 | D:10     | Identified the cursed +1 leather armour of Gallantry {rElec rF+ rC+ Str+3} (You found it on level 10 of the Dungeon)
  6206 | D:10     | XOM: swap weapons
  6228 | D:10     | XOM: enchant monster (bad)
  6266 | D:10     | Drowned

Action                   |  1- 3 |  4- 6 |  7- 9 | 10-12 || total
-------------------------+-------+-------+-------+-------++-------
Melee: Flail             |    94 |   107 |   266 |   227 ||   694
       Morningstar       |       |    43 |       |       ||    43
       Dagger            |       |       |       |    44 ||    44
  Use: Scroll            |       |       |    14 |       ||    14
       Potion            |       |       |     5 |     1 ||     6
 Stab: Paralysed         |       |       |       |     5 ||     5
       Confused          |       |       |       |     2 ||     2
  Eat: Bread ration      |       |     1 |     2 |       ||     3
       Chunk             |       |     2 |       |       ||     2
       Royal jelly       |       |     1 |       |       ||     1
       Fruit             |       |       |       |     3 ||     3
       Meat ration       |       |       |       |     1 ||     1
